 Dungeon Crawl Stone Soup version 0.27-a0-1287-gca74d27db6 (webtiles) character file.

Game seed: 6591318333565988133

121 solopath the Shield-Bearer (level 5, -1/61 HPs)
             Began as a Formicid Fighter on June 15, 2021.
             Was a Follower of the Shining One.
             Slain by an ogre (6 damage)
             ... on level 3 of the Dungeon.
             The game lasted 00:02:26 (2147 turns).

solopath the Shield-Bearer (Formicid Fighter)       Turns: 2147, Time: 00:02:26

Health: -1/61      AC: 22    Str: 20    XL:     5   Next: 26%
Magic:  5/5        EV:  2    Int:  9    God:    the Shining One [*.....]
Gold:   90         SH:  9    Dex: 10    Spells: 4/4 levels left

rFire    . . .     SeeInvis .   a - +0 long sword
rCold    . . .     Faith    .   c - +0 kite shield
rNeg     + + +     Spirit   .   (armour currently unavailable)
rPois    +         Reflect  .   (helmet unavailable)
rElec    .         Harm     .   (cloak currently unavailable)
rCorr    .         Rampage  .   (gloves currently unavailable)
Will     .....                  (boots currently unavailable)
Stlth    +.........             (no amulet)
HPRegen  0.20/turn              i - ring of positive energy
MPRegen  0.09/turn              (no ring)

@: tree-form, glowing
A: stationary, stasis, torment immunity, boosted hp, permanent stasis, dig
shafts and tunnels, (antennae 3), four strong arms
a: Renounce Religion


You were on level 3 of the Dungeon.
You worshipped the Shining One.
The Shining One was aware of your devotion.
You were a tree.
You visited 1 branch of the dungeon, and saw 3 of its levels.

You collected 90 gold pieces.

Inventory:

Hand Weapons
 a - a +0 long sword (weapon)
Armour
 b - a +0 scale mail (melded)
 c - a +0 kite shield (worn)
 l - a +0 cloak (melded)
Jewellery
 i - a ring of positive energy (left branch)
Wands
 k - a wand of paralysis (2)
Scrolls
 f - 2 scrolls of identify {unknown}
 h - 2 scrolls of teleportation {unknown}
 j - a scroll of noise {unknown}
 m - a scroll of enchant weapon {unknown}
Potions
 d - a potion of might
 g - 2 potions of invisibility


   Skills:
 - Level 3.2 Fighting
 * Level 4.3 Long Blades
 - Level 3.2 Armour
 + Level 4.8 Shields


You had 4 spell levels left.
You didn't know any spells.
Your spell library contained the following spells:

 Spells                   Type           Power      Damage    Failure   Level
 Sandblast                Erth           0%         2d4       69%         1
 Passwall                 Tmut/Erth      0%         N/A       83%         2
 Stone Arrow              Conj/Erth      0%         3d7       96%         3
 Petrify                  Tmut/Erth      0%         N/A       100%        4
 Lee's Rapid Deconstruct  Erth           0%         3d5*      100%        5


Dungeon Overview and Level Annotations

Branches:
Dungeon (3/15)

Altars:
The Shining One


Innate Abilities, Weirdness & Mutations

You are a tree.
Your roots penetrate the ground, keeping you stationary.
You cannot be teleported.
You are immune to unholy pain and torment.
Your maximum health is greatly increased.
Your equipment is partially melded.
You cannot be hasted, slowed, berserked, paralysed or teleported.
You can dig through walls and to a lower floor.
((You have a pair of large antennae on your head. (SInv)))
Your four strong arms can wield two-handed weapons with a shield.


Message History

Done exploring.
No target in view!
There is a stone staircase leading down here.
You climb downwards.
There is a stone staircase leading up here.
An orc comes into view. It is wielding a +3 whip.
An orc is nearby!
You hit the orc but do no damage. The orc hits you but does no damage.
You slash the orc!
You kill the orc!
Things that are here:
a +3 whip; a +0 leather armour You sense a monster nearby.
You sense a monster nearby.
Found a stone staircase leading up.
You now have 90 gold pieces (gained 11).
No target in view!
No target in view!
There is a stone staircase leading up here.
You extend your mandibles.
You dig through the rock wall. 8 goblins and an ogre come into view.
The goblin shouts! x2; The ogre shouts!
The goblin shouts! x5
The ogre hits you with a +0 giant club!!
The goblin hits you with a +0 dagger.
Found 10 large rocks.
You retract your mandibles.
You completely miss the ogre. You block the goblin's attack.
The ogre hits you with a +0 giant club!!
* * * LOW HITPOINT WARNING * * *
The goblin closely misses you.
You riposte.
You hit the goblin.
You kill the goblin!
The goblin unwields a +0 dagger.
The goblin wields a +0 hunting sling.
The goblin shoots a stone.
The stone hits you but does no damage.
There is a stone staircase leading up here.
It was a potion of lignification.
You turn into a tree.
Your +0 cloak melds into your body.
Your +0 scale mail melds into your body.
Your roots penetrate the ground.
The ogre hits you with a +0 giant club.
You die...

#..# #.## ##. #.#
.....##)####
...........#
.#...##.##.# #..
#.##.#
.....##.##.#######
.. .........♣Oggg#
. ...####.###g.g+
#.# gg.# #.# ####
#.# ..# ###


You could see an ogre and 6 goblins.

Vanquished Creatures
  Natasha (D:2)
  Terence (D:2)
  An adder (D:2)
  An adder skeleton (D:2)
  A dart slug (D:2)
  2 orcs
  2 endoplasms
  2 giant cockroaches (D:1)
  9 goblins
  4 hobgoblins
  5 jackals
  3 quokkas
  2 ball pythons
  2 bats (D:2)
  2 frilled lizards (D:2)
  6 kobolds
  8 rats
52 creatures vanquished.

Notes
Turn   | Place    | Note
-------+----------+-------------------------------------------
     0 | D:1      | solopath the Formicid Fighter began the quest for the Orb.
     0 | D:1      | Reached XP level 1. HP: 18/18 MP: 1/1
   233 | D:1      | Reached XP level 2. HP: 15/24 MP: 2/2
   667 | D:1      | Reached XP level 3. HP: 21/29 MP: 3/3
   835 | D:1      | Found a faded altar of an unknown god.
   838 | D:1      | Became a worshipper of the Shining One
   838 | D:1      | Reached * piety under the Shining One
   951 | D:2      | Noticed Terence
   962 | D:2      | Killed Terence
   963 | D:2      | Reached XP level 4. HP: 23/35 MP: 4/4
  1846 | D:2      | Noticed Natasha
  1853 | D:2      | Killed Natasha
  1854 | D:2      | Reached XP level 5. HP: 25/41 MP: 5/5
  2144 | D:3      | Noticed an ogre
  2147 | D:3      | Slain by an ogre

Illustrated notes

Levels and vault maps discovered:
D:1:      zaba_arrival_water, layout_rooms,
          hellmonk_ecumenical_altar_inner_sanctum
D:2:      layout_basic, due_unseen_surprise, uniq_natasha, uniq_terence
D:3:      layout_loops_ring, lemuel_tele_altar, cheibrodos_ashenzari_chains,
          gammafunk_ghost_split, minmay_ogre_servants

Skill      XL: |  1  2  3  4 |
---------------+-------------+-----
Shields        | 4 |  4.8
Long Blades    | 3 4 |  4.3
Fighting       | |  3.2
Armour         | |  3.2

Action                   |  1- 3 |  4- 6 || total
-------------------------+-------+-------++-------
Melee: Long sword        |    87 |    63 ||   150
 Abil: Dig               |       |     2 ||     2
  Use: Potion            |       |     1 ||     1
Armor: Scale mail        |    33 |    38 ||    71
Dodge: Dodged            |    31 |    23 ||    54
Block: Kite shield       |    54 |    29 ||    83
       Rpst.: Long sword |    13 |     7 ||    20

Table legend: (Time is in decaauts)
 A = Elapsed time spent in this place.
 B = Non-inter-level travel time spent in this place.
 C = Inter-level travel time spent in this place.
 D = Time resting spent in this place.
 E = Time spent auto-exploring this place.
 F = Levels seen in this place.
 G = Mean time per level.
                   A        B        C        D        E       F      G
               +--------+--------+--------+--------+--------+-----+--------+
         Total |   2215 |   2198 |     17 |      0 |   1794 |   3 |  738.3 |
       Dungeon |   2215 |   2198 |     17 |      0 |   1794 |   3 |  738.3 |
               +--------+--------+--------+--------+--------+-----+--------+

Top non-repeatable levels by time:
     D:2: 1212 daAuts
     D:1: 976 daAuts
     D:3: 25 daAuts
